 Dungeon Crawl Stone Soup version 0.26.1-11-gd32895ea62 (webtiles) character file.

Game seed: 16959877715928515752

933 Saba the Bolt Thrower (level 8, -3/49 HPs)
             Began as a Gargoyle Hunter on July 6, 2021.
             Killed by divine providence
             ... invoked by an orc priest
              (13 damage)
             ... on level 6 of the Dungeon.
             The game lasted 00:07:57 (4431 turns).

Saba the Bolt Thrower (Gargoyle Hunter)             Turns: 4431, Time: 00:07:57

Health: -3/49      AC: 18    Str: 17    XL:     8   Next: 11%
Magic:  8/8        EV: 11    Int: 13    God:
Gold:   116        SH:  0    Dex: 10    Spells: 7/7 levels left

rFire    . . .     SeeInvis .   C - +2 dagger (venom)
rCold    . . .     Faith    .   (no shield)
rNeg     + . .     Spirit   .   D - +0 scale mail
rPois    ∞         Reflect  .   k - +0 helmet
rElec    +         Harm     .   o - +0 cloak
rCorr    .         Rampage  .   r - +2 pair of gloves
Will     .....                  (no boots)
Stlth    ..........             u - amulet of regeneration
HPRegen  0.56/turn              (no ring)
MPRegen  0.11/turn              (no ring)

@: no status effects
A: negative energy resistance 1, electricity resistance, unbreathing,
petrification resistance, miasma immunity, AC +5
a: no special abilities


You were on level 6 of the Dungeon.
You visited 1 branch of the dungeon, and saw 6 of its levels.

You collected 116 gold pieces.

Inventory:

Hand Weapons
 a - a +1 hand crossbow
 p - a +2 dagger of speed
 C - a +2 dagger of venom (weapon)
Missiles
 d - 46 bolts
Armour
 k - a +0 helmet (worn)
 o - a +0 cloak (worn)
 r - a +2 pair of gloves (worn)
 D - a +0 scale mail (worn)
Jewellery
 c - an uncursed amulet of guardian spirit {unknown}
 t - an uncursed amulet of faith
 u - an amulet of regeneration (around neck)
Wands
 E - a wand of random effects (14)
 G - a wand of flame (15)
Scrolls
 b - 4 scrolls of immolation {unknown}
 g - 5 scrolls of teleportation {unknown}
 i - 6 scrolls of remove curse {unknown}
 j - a scroll of enchant armour {unknown}
 n - 2 scrolls of magic mapping {unknown}
 q - 4 scrolls of amnesia {unknown}
 v - 3 scrolls of identify {unknown}
 w - 2 scrolls of noise {unknown}
 x - 2 scrolls of fog {unknown}
 y - a scroll of random uselessness {unknown}
 z - a scroll of fear {unknown}
 B - a scroll of enchant weapon {unknown}
 F - a scroll of blinking {unknown}
Potions
 e - a potion of curing {unknown}
 f - a potion of flight {unknown}
 h - 4 potions of haste {unknown}
 l - a potion of mutation {unknown}
 m - a potion of might {unknown}
 s - a potion of attraction {unknown}
 A - a potion of magic {unknown}


   Skills:
 + Level 5.3 Fighting
 + Level 6.0 Crossbows
 + Level 4.7 Armour
 + Level 4.0 Dodging
 - Level 1.1 Stealth


You had 7 spell levels left.
You didn't know any spells.
Your spell library was empty.

Dungeon Overview and Level Annotations

Branches:
Dungeon (6/15)
 Temple: D:4-7

Altars:
Wu Jian
Xom


Innate Abilities, Weirdness & Mutations

You are resistant to torment.
Your stone body is resilient. (AC +5)
You are immune to poison.
You resist negative energy. (rN+)
You are resistant to electric shocks. (rElec)
You can survive without breathing.
You are immune to petrification.
You are immune to miasma.


Message History

A water moccasin zombie comes into view.
The white imp gestures at you. The puff of frost hits you.
The howler monkey hoots and howls with incredible vigour!
The white imp hits you but does no damage.
The orc priest invokes the aid of Beogh against you.
Beogh smites you!
The howler monkey seems less drained.
The white imp gestures at you. The puff of frost misses you.
The orc priest mumbles some strange prayers to Beogh against you.
Pain shoots through your body!
The howler monkey hoots and howls with incredible vigour!
You hear a shout!
The orc priest invokes the aid of Beogh against you.
Beogh smites you!
* * * LOW HITPOINT WARNING * * *
The orc priest calls down the wrath of Beogh upon you.
Beogh smites you!
You die...

##.## ...<#...####
....#......##
..(......<..#
##.........##
.#........##
.......|....##
..............##
..........@.....#
..........h....##
##.........5....#
...............#
.##.....Zo.......#
.......>.oz......#
.....##....o......#
.........l..#..#..#
..........###.##.##


You could see a howler monkey, an iguana, a wight, 2 orc priests, a white imp
(poisoned), an orc and a water moccasin zombie.

Vanquished Creatures
  Edmund (D:4)
  Duvessa (D:4)
  A centaur (D:5)
  An ogre (D:5)
  Dowan (D:4)
  A scorpion (D:4)
  A howler monkey (D:2)
  2 hounds
  2 orc priests
  An iguana (D:4)
  Natasha (thrice) (D:4)
  A worker ant (D:4)
  Robin (D:4)
  A worker ant zombie (D:5)
  A howler monkey skeleton (D:6)
  3 adders
  An ooze (D:1)
  4 adder skeletons
  3 worms
  2 dart slugs
  3 leopard geckos
  13 orcs
  4 bats
  3 giant cockroaches
  20 goblins
  4 hobgoblins
  16 jackals
  2 ball pythons
  3 frilled lizards
  2 kobolds
  A quokka skeleton (D:4)
  A quokka zombie (D:5)
  6 rats
110 creatures vanquished.

Vanquished Creatures (others)
  47 plants (D:5)
47 creatures vanquished.

Grand Total: 157 creatures vanquished

Notes
Turn   | Place    | Note
-------+----------+-------------------------------------------
     0 | D:1      | Saba the Gargoyle Hunter began the quest for the Orb.
     0 | D:1      | Reached XP level 1. HP: 12/12 MP: 1/1
   370 | D:1      | Reached XP level 2. HP: 18/18 MP: 2/2
   824 | D:1      | Reached skill level 1 in Armour
  1154 | D:2      | Reached XP level 3. HP: 22/22 MP: 3/3
  1170 | D:2      | Found an ornate altar of the Wu Jian Council.
  1518 | D:2      | Reached XP level 4. HP: 28/28 MP: 4/4
  1656 | D:2      | Found a faded altar of an unknown god.
  2356 | D:3      | Reached XP level 5. HP: 30/32 MP: 5/5
  2409 | D:3      | Noticed an orc warrior
  2471 | D:4      | Noticed Natasha
  2471 | D:4      | Noticed Edmund
  2485 | D:4      | Killed Natasha
  2498 | D:4      | Killed Edmund
  2499 | D:4      | Reached skill level 5 in Crossbows
  2499 | D:4      | Reached XP level 6. HP: 32/38 MP: 2/6
  2841 | D:4      | Noticed Dowan
  2864 | D:4      | Killed Dowan
  2913 | D:4      | Reached XP level 7. HP: 26/44 MP: 7/7
  3035 | D:4      | Noticed Robin
  3035 | D:4      | Noticed Natasha
  3112 | D:4      | Killed Natasha
  3118 | D:4      | Killed Robin
  3333 | D:4      | Noticed Natasha
  3342 | D:4      | Killed Natasha
  3402 | D:5      | Entered Level 5 of the Dungeon
  3519 | D:5      | Found a shimmering altar of Xom.
  4066 | D:5      | Reached skill level 5 in Fighting
  4245 | D:4      | Noticed Duvessa
  4279 | D:4      | Killed Duvessa
  4280 | D:4      | Reached skill level 6 in Crossbows
  4280 | D:4      | Reached XP level 8. HP: 39/49 MP: 8/8
  4431 | D:6      | Killed from afar by an orc priest

Illustrated notes

Levels and vault maps discovered:
D:1:      eino_arrival_tree_alley, layout_loops_ring, serial_aquarium,
          aquarium_bridge_island_small [aquarium_subvault_small_water,
          aquarium_subvault_wall, aquarium_subvault_bridge,
          aquarium_subvault_wall, aquarium_subvault_wall],
          aquarium_bridge_square [aquarium_subvault_balcony,
          aquarium_subvault_wall, aquarium_subvault_bridge,
          aquarium_subvault_wall], aquarium_window_corner, aquarium_window_2,
          aquarium_window_fake, aquarium_window_1, aquarium_view_2b,
          aquarium_view_2e, aquarium_balcony_1b
D:2:      layout_rooms, old_standard_altar,
          chequers_ecumenical_altar_simple_redux,
          chequers_serial_rivers_small_b, lemuel_another_geyser
D:3:      layout_loops_ring, lemuel_coloured_pillars_altar
D:4:      kennysheep_goblin_castle, layout_rooms, hangedman_decor_riveting,
          uniq_duvessa, uniq_edmund, uniq_natasha
D:5:      layout_basic, basic_altar, serial_bayou, serial_bayou_pond_b,
          serial_bayou_pond_c, serial_bayou_pond_d, serial_bayou_lagoon_a
D:6:      layout_cave_pools, temple_pool_b

Skill      XL: |  1  2  3  4  5  6  7 |
---------------+----------------------+-----
Armour         | 1 2 3 4 |  4.7
Dodging        | 2 3 4 |  4.0
Fighting       | 3 4 5 |  5.3
Crossbows      | 5 6 |  6.0
Stealth        | |  1.1

Action                   |  1- 3 |  4- 6 |  7- 9 || total
-------------------------+-------+-------+-------++-------
Melee: Short sword       |    83 |   131 |       ||   214
       Dagger            |       |    14 |   202 ||   216
 Fire: Hand crossbow     |       |    17 |       ||    17
Evoke: Wand              |       |       |     3 ||     3
 Stab: Sleeping          |     1 |       |       ||     1
       Distracted        |       |     1 |       ||     1
Armor: Leather armour    |    45 |   137 |       ||   182
       Ring mail         |       |    55 |    36 ||    91
       Scale mail        |       |       |    92 ||    92
Dodge: Dodged            |    53 |   198 |   146 ||   397
